General information
- name: BNet
- type: Ladder team game (AT/RT)
- host: Battle.net
- saver: Shadow303
map: MarketSquare
- players: 8
- length: 18:55
- speed: Fast
- version: 1.26 W3XP
- replay type: Public
» download(152 KB)
Players
team 1 (loser)

»
LOC.DL (
teal | 47 APM | 884 actions | 18:54)
5 Dark Ranger
2 Black Arrow
3 Silence
» actions
| Build / train | 61 | |
| Enter build submenu | 17 | |
| Enter hero's abilities submenu | 5 | |
| Right click | 414 | |
| Select / deselect | 354 | |
| Use ability | 33 | |
884 total
» units
| Wisp | 14 | |
| Archer | 17 | |
| Hippogryph | 14 | |
45 total
» upgrades
| Strength of the Moon | 2 | |
| Moon Armor | 1 | |
| Improved Bows | 1 | |
| Hippogryph Taming | 1 | |
| Marksmanship | 1 | |
6 total
» buildings
| Altar of Elders | 1 | |
| Moon Well | 7 | |
| Ancient of War | 2 | |
| Tree of Ages | 1 | |
| Hunter's Hall | 1 | |
| Ancient of Wonders | 1 | |
| Ancient of Wind | 2 | |
| Tree of Life | 2 | |
| Tree of Eternity | 1 | |
18 total
» build order
00:18 Altar of Elders
00:20 Moon Well
01:20 Ancient of War
01:41 Moon Well
02:11 Ancient of War
02:47 Moon Well
04:11 Tree of Ages
04:48 Moon Well
05:58 Hunter's Hall
06:00 Moon Well
06:05 Ancient of Wonders
08:01 Ancient of Wind
08:02 Ancient of Wind
09:37 Tree of Life
09:49 Moon Well
10:37 Tree of Eternity
10:42 Moon Well
17:19 Tree of Life
» items

»
Eyes.Of.Fire (
red | 51 APM | 962 actions | 18:51)
5 Blademaster
3 Wind Walk
2 Critical Strike
3 Tauren Chieftain
1 War Stomp
2 Endurance Aura
3 Shadow Hunter
2 Healing Wave
1 Hex
» actions
| Basic commands | 36 | |
| Build / train | 71 | |
| ESC pressed | 3 | |
| Enter build submenu | 12 | |
| Enter hero's abilities submenu | 11 | |
| Give item / drop item | 2 | |
| Remove unit from queue | 1 | |
| Right click | 440 | |
| Select / deselect | 293 | |
| Use ability | 93 | |
962 total
» units
| Peon | 9 | |
| Wind Rider | 11 | |
| Troll Witch Doctor | 2 | |
| Troll Batrider | 10 | |
32 total
» upgrades
| Ranged Weapons | 1 | |
| Witch Doctor Training | 2 | |
| Envenomed Spears | 1 | |
| Armor | 1 | |
| Reinforced Defenses | 1 | |
| Liquid Fire | 1 | |
7 total
» buildings
| Altar of Storms | 1 | |
| Orc Burrow | 6 | |
| Voodoo Lounge | 1 | |
| War Mill | 1 | |
| Stronghold | 1 | |
| Beastiary | 2 | |
| Fortress | 1 | |
| Spirit Lodge | 1 | |
14 total
» build order
00:08 Altar of Storms
00:15 Orc Burrow
01:20 Voodoo Lounge
01:24 War Mill
02:52 Stronghold
03:01 Orc Burrow
03:05 Orc Burrow
04:46 Orc Burrow
05:17 Beastiary
05:19 Beastiary
05:41 Orc Burrow
05:43 Fortress
07:21 Spirit Lodge
11:39 Orc Burrow
» items
| Healing Salve | 2 | |
| Lesser Clarity Potion | 2 | |
| Scroll of Speed | 1 | |
| Scroll of Town Portal | 3 | |
| Orb of Lightning | 1 | |
| Potion of Lesser Invulnerability | 1 | |
10 total

»
MichaelScott (
green | 71 APM | 1336 actions | 18:48)
3 Death Knight
1 Death Coil
2 Unholy Aura
5 Dark Ranger
3 Black Arrow
2 Life Drain
» actions
| Assign group hotkey | 87 | |
| Basic commands | 11 | |
| Build / train | 89 | |
| ESC pressed | 2 | |
| Enter build submenu | 28 | |
| Enter hero's abilities submenu | 8 | |
| Remove unit from queue | 1 | |
| Right click | 628 | |
| Select / deselect | 344 | |
| Select group hotkey | 42 | |
| Use ability | 96 | |
1336 total
» units
| Acolyte | 7 | |
| Ghoul | 9 | |
| Crypt Fiend | 27 | |
43 total
» upgrades
| Web | 1 | |
| Burrow | 1 | |
| Creature Attack | 1 | |
3 total
» buildings
| Altar of Darkness | 1 | |
| Ziggurat | 6 | |
| Crypt | 2 | |
| Tomb of Relics | 2 | |
| Halls of the Dead | 4 | |
| Graveyard | 1 | |
| Necropolis | 3 | |
| Slaughterhouse | 1 | |
| Sacrificial Pit | 1 | |
21 total
» build order
00:06 Altar of Darkness
00:09 Ziggurat
01:17 Crypt
01:20 Crypt
01:23 Tomb of Relics
02:32 Tomb of Relics
03:25 Ziggurat
03:43 Halls of the Dead
03:44 Halls of the Dead
03:56 Ziggurat
03:59 Graveyard
06:55 Necropolis
08:04 Slaughterhouse
08:05 Sacrificial Pit
08:26 Ziggurat
10:09 Ziggurat
10:11 Ziggurat
10:33 Necropolis
11:06 Necropolis
» items
| Rod of Necromancy | 3 | |
| Scroll of Town Portal | 6 | |
| Potion of Mana | 2 | |
| Scroll of Healing | 1 | |
| Potion of Healing | 1 | |
13 total

»
AnusShade (
blue | 48 APM | 906 actions | 18:54)
3 Dreadlord
2 Vampiric Aura
1 Sleep
2 Crypt Lord
1 Spiked Carapace
1 Impale
» actions
| Basic commands | 26 | |
| Build / train | 65 | |
| ESC pressed | 4 | |
| Enter build submenu | 21 | |
| Enter hero's abilities submenu | 5 | |
| Give item / drop item | 1 | |
| Right click | 473 | |
| Select / deselect | 256 | |
| Use ability | 55 | |
906 total
» units
| Acolyte | 14 | |
| Ghoul | 17 | |
| Gargoyle | 7 | |
38 total
» upgrades
| Creature Attack | 2 | |
| Unholy Strength | 1 | |
| Unholy Armor | 1 | |
| Creature Carapace | 1 | |
| Ghoul Frenzy | 1 | |
| Stone Form | 1 | |
| Burrow | 1 | |
8 total
» buildings
| Ziggurat | 10 | |
| Crypt | 3 | |
| Altar of Darkness | 1 | |
| Nerubian Tower | 4 | |
| Tomb of Relics | 1 | |
| Halls of the Dead | 1 | |
| Graveyard | 2 | |
| Black Citadel | 1 | |
| Sacrificial Pit | 1 | |
24 total
» build order
01:34 Ziggurat
01:45 Crypt
02:26 Altar of Darkness
02:27 Nerubian Tower
02:27 Nerubian Tower
02:39 Crypt
03:11 Ziggurat
03:30 Tomb of Relics
04:05 Ziggurat
04:21 Crypt
07:26 Halls of the Dead
08:31 Ziggurat
08:33 Ziggurat
09:27 Nerubian Tower
09:28 Nerubian Tower
10:15 Graveyard
10:27 Graveyard
10:32 Black Citadel
12:21 Sacrificial Pit
13:19 Ziggurat
13:20 Ziggurat
13:21 Ziggurat
13:43 Ziggurat
13:44 Ziggurat
» items
| Rod of Necromancy | 2 | |
| Scroll of Town Portal | 1 | |
3 total
team 2 (winner)

»
SATCH (
purple | 50 APM | 949 actions | 18:55)
5 Mountain King
3 Storm Bolt
2 Bash
1 Paladin
1 Holy Light
2 Archmage
1 Brilliance Aura
1 Summon Water Elemental
» actions
| Assign group hotkey | 17 | |
| Build / train | 74 | |
| Enter build submenu | 27 | |
| Enter hero's abilities submenu | 8 | |
| Give item / drop item | 2 | |
| Right click | 269 | |
| Select / deselect | 175 | |
| Select group hotkey | 322 | |
| Use ability | 55 | |
949 total
» units
| Peasant | 20 | |
| Rifleman | 9 | |
| Dragonhawk Rider | 6 | |
35 total
» upgrades
| Masonry | 2 | |
| Gunpowder | 3 | |
| Armor | 3 | |
| Long Rifles | 1 | |
| Lumber Harvesting | 1 | |
10 total
» buildings
| Farm | 13 | |
| Altar of Kings | 1 | |
| Lumber Mill | 1 | |
| Blacksmith | 1 | |
| Barracks | 1 | |
| Scout Tower | 5 | |
| Guard Tower | 5 | |
| Arcane Vault | 1 | |
| Town Hall | 2 | |
| Keep | 1 | |
| Castle | 1 | |
| Gryphon Aviary | 2 | |
34 total
» build order
00:26 Farm
00:38 Altar of Kings
00:46 Lumber Mill
00:56 Blacksmith
01:19 Farm
01:38 Barracks
02:03 Farm
02:49 Scout Tower
03:21 Farm
03:23 Guard Tower
04:02 Scout Tower
04:17 Arcane Vault
04:30 Guard Tower
04:33 Farm
05:13 Scout Tower
05:54 Guard Tower
06:04 Farm
06:46 Town Hall
06:55 Scout Tower
07:34 Farm
07:36 Guard Tower
08:12 Keep
08:15 Scout Tower
08:45 Guard Tower
08:50 Farm
09:37 Farm
10:51 Castle
11:09 Farm
11:37 Gryphon Aviary
11:40 Gryphon Aviary
11:49 Farm
12:32 Farm
13:12 Farm
18:04 Town Hall
» items
| Scroll of Regeneration | 6 | |
| Boots of Speed | 1 | |
| Scroll of Town Portal | 3 | |
| Orb of Fire | 1 | |
11 total

»
soxyescubsno (
orange | 46 APM | 879 actions | 18:55)
4 Death Knight
2 Death Coil
2 Unholy Aura
» actions
| Assign group hotkey | 7 | |
| Basic commands | 37 | |
| Build / train | 62 | |
| Enter build submenu | 18 | |
| Enter hero's abilities submenu | 4 | |
| Remove unit from queue | 1 | |
| Right click | 435 | |
| Select / deselect | 250 | |
| Select group hotkey | 20 | |
| Use ability | 45 | |
879 total
» units
| Acolyte | 5 | |
| Ghoul | 12 | |
| Gargoyle | 11 | |
| Abomination | 7 | |
| Necromancer | 3 | |
38 total
» upgrades
| Cannibalize | 1 | |
| Creature Attack | 2 | |
| Disease Cloud | 1 | |
| Unholy Strength | 1 | |
| Creature Carapace | 1 | |
| Unholy Armor | 1 | |
| Necromancer Training | 2 | |
9 total
» buildings
| Altar of Darkness | 1 | |
| Ziggurat | 6 | |
| Crypt | 2 | |
| Tomb of Relics | 1 | |
| Nerubian Tower | 3 | |
| Graveyard | 1 | |
| Halls of the Dead | 1 | |
| Black Citadel | 1 | |
| Slaughterhouse | 2 | |
| Temple of the Damned | 1 | |
19 total
» build order
00:07 Altar of Darkness
00:10 Ziggurat
00:28 Crypt
01:00 Ziggurat
01:18 Tomb of Relics
01:35 Nerubian Tower
02:08 Ziggurat
02:39 Graveyard
03:08 Nerubian Tower
03:50 Halls of the Dead
05:03 Crypt
06:15 Ziggurat
06:29 Black Citadel
08:16 Slaughterhouse
08:22 Slaughterhouse
10:14 Ziggurat
12:35 Temple of the Damned
14:54 Nerubian Tower
14:56 Ziggurat
» items
| Dust of Appearance | 1 | |
| Scroll of Town Portal | 1 | |
| Orb of Corruption | 1 | |
3 total

»
Shadow303 (
pink | 84 APM | 1598 actions | 18:55)
6 Dreadlord
3 Sleep
2 Vampiric Aura
1 Inferno
» actions
| Basic commands | 135 | |
| Build / train | 49 | |
| ESC pressed | 2 | |
| Enter build submenu | 14 | |
| Enter hero's abilities submenu | 6 | |
| Give item / drop item | 1 | |
| Right click | 1060 | |
| Select / deselect | 268 | |
| Use ability | 63 | |
1598 total
» units
| Acolyte | 7 | |
| Ghoul | 3 | |
| Crypt Fiend | 13 | |
23 total
» upgrades
| Burrow | 1 | |
| Web | 1 | |
| Creature Attack | 3 | |
| Ghoul Frenzy | 1 | |
| Creature Carapace | 2 | |
8 total
» buildings
| Ziggurat | 5 | |
| Crypt | 2 | |
| Altar of Darkness | 1 | |
| Graveyard | 1 | |
| Nerubian Tower | 1 | |
| Halls of the Dead | 1 | |
| Tomb of Relics | 1 | |
| Black Citadel | 1 | |
| Sacrificial Pit | 1 | |
| Boneyard | 2 | |
| Spirit Tower | 4 | |
20 total
» build order
00:13 Ziggurat
00:19 Crypt
00:42 Altar of Darkness
01:13 Ziggurat
02:04 Graveyard
02:13 Nerubian Tower
02:38 Crypt
03:00 Halls of the Dead
03:57 Tomb of Relics
04:38 Ziggurat
07:22 Ziggurat
07:59 Black Citadel
11:13 Sacrificial Pit
13:10 Ziggurat
17:31 Boneyard
17:32 Boneyard
18:01 Spirit Tower
18:02 Spirit Tower
18:04 Spirit Tower
18:06 Spirit Tower
» items
| Boots of Speed | 1 | |
| Scroll of Town Portal | 2 | |
| Scroll of Regeneration | 1 | |
4 total

»
LaboR (
yellow | 83 APM | 1577 actions | 18:55)
5 Tauren Chieftain
3 War Stomp
2 Endurance Aura
4 Shadow Hunter
2 Hex
2 Healing Wave
» actions
| Assign group hotkey | 34 | |
| Basic commands | 14 | |
| Build / train | 62 | |
| Enter build submenu | 19 | |
| Enter hero's abilities submenu | 10 | |
| Give item / drop item | 1 | |
| Right click | 633 | |
| Select / deselect | 198 | |
| Select group hotkey | 493 | |
| Use ability | 113 | |
1577 total
» units
| Peon | 14 | |
| Wind Rider | 5 | |
| Shaman | 7 | |
| Kodo Beast | 2 | |
| Troll Batrider | 5 | |
33 total
» upgrades
| Ranged Weapons | 2 | |
| Envenomed Spears | 1 | |
| War Drums Damage Increase | 1 | |
| Shaman Training | 2 | |
| Reinforced Defenses | 1 | |
7 total
» buildings
| Altar of Storms | 1 | |
| Orc Burrow | 6 | |
| Voodoo Lounge | 1 | |
| War Mill | 1 | |
| Stronghold | 1 | |
| Watch Tower | 3 | |
| Beastiary | 2 | |
| Fortress | 1 | |
| Spirit Lodge | 2 | |
| Great Hall | 1 | |
19 total
» build order
00:16 Altar of Storms
00:21 Orc Burrow
00:51 Voodoo Lounge
01:34 Orc Burrow
01:54 War Mill
02:42 Stronghold
03:17 Watch Tower
03:20 Watch Tower
03:30 Watch Tower
04:16 Orc Burrow
04:20 Orc Burrow
05:19 Beastiary
05:31 Beastiary
06:02 Fortress
08:57 Spirit Lodge
09:01 Spirit Lodge
10:14 Orc Burrow
10:16 Orc Burrow
18:37 Great Hall
» items
| Healing Salve | 4 | |
| Lesser Clarity Potion | 4 | |
| Tiny Great Hall | 1 | |
9 total
Chat log
(00:59 / Allies) Shadow303: all enemies and allies are random
(01:05 / Allies) Shadow303: except for green whose ud
(01:30 / Allies) Shadow303: think if they gonna rush
(01:34 / Allies) Shadow303: they gonna rush purple
(01:39 / Allies) Shadow303: human race sucks ass
(01:42 / Allies) soxyescubsno: do u think or do u know
(01:48 / Allies) Shadow303: think...
(02:40 / Allies) Shadow303: mass fiends for me
(03:29 / Allies) Shadow303: we are at a great disadvantage
(03:33 / Allies) Shadow303: since they know our races
(03:36 / Allies) SATCH: ?
(03:36 / Allies) Shadow303: and we don't
(03:37 / Allies) soxyescubsno: u think or now
(04:06 / Allies) LaboR: tower up a bit plz
(04:10 / Allies) SATCH: omw
(08:03 / Allies) soxyescubsno: sorry team
(08:40 / Allies) Shadow303: kill it
(11:06 / Allies) LaboR: gogo harass em
(13:09 / Allies) LaboR: all here?
(13:13 / Allies) SATCH: yup
(13:38 / Allies) LaboR: gogogo
(13:46 / Allies) LaboR: hit and run
(14:06 / Allies) LaboR: i back
(14:07 / Allies) LaboR: b
(14:07 / Allies) LaboR: b
(14:08 / Allies) LaboR: b
(14:08 / Allies) LaboR: b
(14:09 / Allies) LaboR: b
(14:09 / Allies) LaboR: b
(14:09 / Allies) LaboR: b
(14:10 / Allies) LaboR: bb
(14:11 / Allies) LaboR: b
(14:16 / Allies) Shadow303: OUT
(14:40 / Allies) LaboR: gold plz
(14:40 / Allies) LaboR: fast
(14:41 / Allies) LaboR: a lot
(14:42 / Allies) LaboR: for bats
(14:49 / Allies) LaboR: ty
(16:00 / Allies) SATCH: gfight
(16:09 / Allies) Shadow303: OUT
(17:18 / Allies) SATCH: middle
(17:20 / All) MichaelScott: gg
(18:04 / Allies) LaboR: gold plz
(18:04 / Allies) LaboR: fast
(18:06 / Allies) LaboR: for more bats
(18:48 / Allies) SATCH: go